[Event "Team 45 45 League T77"]
[Site "Internet Chess Club"]
[Date "2018.07.01"]
[Round "2"]
[White "primerpaso"]
[Black "RD1974"]
[Result "1-0"]
[WhiteElo "1823"]
[BlackElo "1629"]
[Opening "English: Sicilian reversed"]
[ECO "A25"]
[Time "17:48:03"]
[TimeControl "2700+45"]

1. c4 e5 2. Nc3 Nc6 3. g3 f5 4. Bg2 Nf6 5. e3 d5 6. cxd5 Nb4 7. d3 Nfxd5 8. Nxd5
Nxd5 9. Nf3 Bd6 10. O-O c6 11. Re1 O-O 12. Qb3 Kh8 13. e4 Nf6 14. exf5 Qe7 15.
Bf4 Nd7 16. Bh3 Nc5 17. Qc2 Bxf5 18. Bxf5 Rxf5 19. d4 Rxf4 20. gxf4 Ne6 21. fxe5
Bc7 22. Re4 Ng5 23. Nxg5 Qxg5+ 24. Kh1 Qh5 25. Rf4 Bb6 26. Qd1 Qg5 27. Qf3 Kg8
28. Rg1 Qe7 29. Rfg4 g6 30. Rxg6+ hxg6 31. Rxg6+ Kh8 32. Qh3+ Qh7 33. Rh6 {Black
resigns} 1-0

[Event "Team 45 45 League T77"]
[Site "Internet Chess Club"]
[Date "2018.06.28"]
[Round "2"]
[White "fao9944"]
[Black "VictorRed"]
[Result "1-0"]
[WhiteElo "1676"]
[BlackElo "1706"]
[Opening "Queen's bishop game"]
[ECO "D02"]
[Time "10:12:01"]
[TimeControl "2700+45"]

1. d4 Nf6 2. Nf3 d5 3. Bf4 Nc6 4. Nbd2 g6 5. e3 Bg7 6. h3 Bf5 7. c3 Nh5 8. Bh2
Nf6 9. Be2 Ne4 10. O-O Qd7 11. Nxe4 Bxe4 12. Ng5 Bf5 13. Nf3 h6 14. Qb3 Rb8 15.
Nd2 e5 16. dxe5 Nxe5 17. Rad1 c6 18. e4 Be6 19. exd5 Bxd5 20. c4 Be6 21. Ne4 Qe7
22. f4 Nd7 23. f5 Bxf5 24. Nd6+ Kd8 25. Nxf5 gxf5 26. Bxb8 Qxe2 27. Qxb7 Bd4+
28. Kh1 Qxb2 29. Qc7+ Ke7 30. Qd6+ {Black resigns} 1-0

[Event "Team 45 45 League T77"]
[Site "Internet Chess Club"]
[Date "2018.07.01"]
[Round "2"]
[White "Hectormercado"]
[Black "ILRE"]
[Result "1-0"]
[WhiteElo "1483"]
[BlackElo "1568"]
[Opening "Sicilian: Najdorf"]
[ECO "B90"]
[Time "18:00:47"]
[TimeControl "2700+45"]

1. e4 c5 2. Nf3 d6 3. d4 cxd4 4. Nxd4 Nf6 5. Nc3 a6 6. f3 e5 7. Nb3 Be6 8. Be3
Be7 9. Qd2 Nbd7 10. g4 O-O 11. h4 b5 12. O-O-O Nb6 13. Kb1 Nc4 14. Bxc4 Bxc4 15.
h5 b4 16. Ne2 d5 17. g5 Ne8 18. g6 d4 19. Bf2 fxg6 20. hxg6 h6 21. f4 Bxe2 22.
Qxe2 exf4 23. Qc4+ Kh8 24. Bxd4 Nf6 25. Bxf6 Qxd1+ 26. Rxd1 Bxf6 27. Qxb4 f3 28.
Rf1 Bg5 29. Qb7 Rad8 30. c3 f2 31. Qxa6 Rf4 32. Kc2 Rdf8 33. Qb6 Bh4 34. e5 Re4
35. Qd6 Rd8 36. Rxf2 {Black resigns} 1-0

[Event "Team 45 45 League T77"]
[Site "Internet Chess Club"]
[Date "2018.07.01"]
[Round "2"]
[White "idjit"]
[Black "Andaluz"]
[Result "1/2-1/2"]
[WhiteElo "1522"]
[BlackElo "1262"]
[Opening "Sicilian: Grand Prix attack"]
[ECO "B23"]
[Time "13:00:54"]
[TimeControl "2700+45"]

1. e4 c5 2. Nc3 Nc6 3. f4 e6 4. Nf3 f5 5. Bb5 Nd4 6. Nxd4 cxd4 7. Ne2 Bc5 8.
exf5 exf5 9. Bd3 Ne7 10. O-O O-O 11. a3 a5 12. b3 d5 13. Bb2 Nc6 14. Qe1 Re8 15.
Qf2 Qd6 16. Bxd4 Nxd4 17. Nxd4 Qf6 18. c3 Bd7 19. b4 Bxd4 20. Qxd4 Qxd4+ 21.
cxd4 b6 22. Kf2 g6 23. Rfe1 Rxe1 {Game drawn by mutual agreement} 1/2-1/2

[Event "Team 45 45 League T77"]
[Site "Internet Chess Club"]
[Date "2018.07.04"]
[Round "2"]
[White "justice02"]
[Black "Packerfan"]
[Result "1-0"]
[WhiteElo "1665"]
[BlackElo "1652"]
[Opening "QGD semi-Slav"]
[ECO "D43"]
[Time "10:00:41"]
[TimeControl "2700+45"]

1. Nf3 Nf6 2. d4 d5 3. c4 c6 4. Nc3 e6 5. Qb3 dxc4 6. Qxc4 Be7 7. g3 O-O 8. Bg2
Nbd7 9. O-O Re8 10. Rd1 Bd6 11. e4 e5 12. dxe5 Bxe5 13. Nxe5 Rxe5 14. Bf4 Re8
15. Rd6 Qe7 16. Rad1 Nb6 17. Qd4 Be6 18. b3 h6 19. Qd2 Bg4 20. f3 Be6 21. Be3
Nbd5 22. Nxd5 Nxd5 23. Bc5 Nb6 24. Rxc6 Qg5 25. Qxg5 hxg5 26. Rcd6 Rac8 27. Bxb6
axb6 28. Rxb6 Rc2 29. Rxb7 Rxa2 30. b4 Rc8 31. b5 Rcc2 32. Bf1 Rxh2 33. Rd8+ Kh7
34. Rbb8 Rhb2 35. Rd1 Ra3 36. Bd3 Bh3 37. e5+ g6 38. Be4 Rg2+ 39. Kh1 Raa2 40.
f4 Rh2+ 41. Kg1 gxf4 42. gxf4 Rhe2 43. Bd5 Bg4 44. Bxa2 Rxa2 45. Rd4 Rb2 46. b6
Bf3 47. Rd6 g5 48. Rf6 g4 49. Rxf7+ Kg6 50. e6 g3 51. Rg8+ {Black resigns} 1-0

[Event "Team 45 45 League T77"]
[Site "Internet Chess Club"]
[Date "2018.07.01"]
[Round "2"]
[White "Bizzy-Ketty"]
[Black "zepled37"]
[Result "0-1"]
[WhiteElo "1590"]
[BlackElo "1691"]
[Opening "Ruy Lopez: closed, Breyer, Borisenko variation"]
[ECO "C95"]
[Time "17:17:38"]
[TimeControl "2700+45"]

1. e4 e5 2. Nf3 Nc6 3. Bb5 a6 4. Ba4 Nf6 5. O-O Be7 6. Re1 b5 7. Bb3 d6 8. h3
O-O 9. c3 Nb8 10. d4 Nbd7 11. a4 Bb7 12. Bc2 h6 13. b4 Re8 14. Nbd2 Bf8 15. d5
c6 16. dxc6 Bxc6 17. c4 Qc7 18. Bb3 Qb7 19. Qe2 Rac8 20. cxb5 axb5 21. a5 Nb8
22. Ba3 Na6 23. Rac1 d5 24. exd5 Nxd5 25. Bxd5 Bxd5 26. Rb1 f6 27. Ne4 Bxe4 28.
Qxe4 Qxe4 29. Rxe4 Rc3 30. Bc1 Rec8 31. Bd2 R3c4 32. Rxc4 Rxc4 33. Be1 Kf7 34.
Nd2 Rxb4 35. Nb3 Rc4 36. Rc1 Rxc1 37. Nxc1 Bb4 38. Kf1 Ke6 39. Bxb4 Nxb4 40. Ke2
Kd5 41. Nb3 f5 42. Kd2 Kc4 43. Nc1 Na6 44. Nd3 Kd4 45. Kc2 e4 46. Nb2 f4 47. h4
g5 48. hxg5 hxg5 49. Kd2 Nc5 50. Kc2 e3 51. fxe3+ fxe3 52. g3 g4 53. a6 Nxa6 54.
Nd3 b4 55. Nf4 Nc5 56. Ne2+ Ke4 57. Ng1 Kd4 58. Ne2+ Kc4 59. Nc1 b3+ 60. Kb1 Ne4
61. Ne2 Nc3+ 62. Nxc3 Kxc3 63. Kc1 e2 {White resigns} 0-1

[Event "Team 45 45 League T77"]
[Site "Internet Chess Club"]
[Date "2018.06.28"]
[Round "2"]
[White "GoIrish"]
[Black "tryanything"]
[Result "1-0"]
[WhiteElo "1521"]
[BlackElo "1514"]
[Opening "Réti: King's Indian attack (Barcza system)"]
[ECO "A07"]
[Time "20:02:51"]
[TimeControl "2700+45"]

1. Nf3 d5 2. g3 Nf6 3. Bg2 Bf5 4. O-O e6 5. d3 h6 6. Nbd2 Bd6 7. Re1 Bh7 8. e4
dxe4 9. dxe4 Bc5 10. e5 Ne4 11. Qe2 Nxd2 12. Nxd2 c6 13. Ne4 Be7 14. Be3 Nd7 15.
Rad1 Qc7 16. Nd6+ Bxd6 17. exd6 Qd8 18. c4 O-O 19. c5 Nf6 20. b4 Nd5 21. Bxd5
exd5 22. Bd4 Qd7 23. Qb2 f6 24. Re7 Qd8 25. Rde1 Bg6 26. Qe2 Re8 27. Qe6+ Kf8
28. Bxf6 {Black resigns} 1-0

[Event "Team 45 45 League T77"]
[Site "Internet Chess Club"]
[Date "2018.06.29"]
[Round "2"]
[White "Electryon"]
[Black "bmw2002"]
[Result "1/2-1/2"]
[WhiteElo "1502"]
[BlackElo "1422"]
[Opening "Queen's pawn: London system"]
[ECO "A45"]
[Time "22:01:00"]
[TimeControl "2700+45"]

1. d4 Nf6 2. Bf4 g6 3. Nc3 Bg7 4. e4 d6 5. Qd2 O-O 6. O-O-O Nbd7 7. Bh6 c5 8. d5
a6 9. Bxg7 Kxg7 10. f3 b5 11. g4 b4 12. g5 Nh5 13. Nce2 f5 14. Ng3 Nxg3 15. hxg3
fxe4 16. Qh2 Rh8 17. Qh6+ Kg8 18. fxe4 Ne5 19. Be2 Qf8 20. Rf1 Qg7 21. Nh3 Bd7
22. Nf4 a5 23. Ng2 a4 24. Ne3 Rc8 25. Qh4 c4 26. Ng4 Bxg4 27. Bxg4 Rf8 28. Be6+
Nf7 29. Rf2 a3 30. c3 axb2+ 31. Rxb2 Qxc3+ 32. Rc2 Qe3+ 33. Kb1 Qd3 34. Kc1 Qe3+
35. Kb1 Qd3 36. Kc1 Qe3+ {Game drawn by repetition} 1/2-1/2

[Event "Team 45 45 League T77"]
[Site "Internet Chess Club"]
[Date "2018.06.27"]
[Round "2"]
[White "leandromorg"]
[Black "ANGELLR"]
[Result "1-0"]
[WhiteElo "1789"]
[BlackElo "1821"]
[Opening "Queen's pawn game"]
[ECO "D00"]
[Time "20:01:49"]
[TimeControl "2700+45"]

1. d4 d5 2. e3 Bf5 3. Bd3 Bxd3 4. Qxd3 c6 5. f4 e6 6. Nf3 Nf6 7. c4 Nbd7 8. Nc3
Bb4 9. O-O O-O 10. a3 Bxc3 11. bxc3 Ne4 12. a4 Qa5 13. Ba3 Rfe8 14. cxd5 exd5
15. Bb4 Qc7 16. Ne5 Ndf6 17. c4 dxc4 18. Qxc4 Nd5 19. Rfc1 Rad8 20. Rab1 f6 21.
Nf3 Kh8 22. Qd3 Qf7 23. a5 a6 24. Be1 Rd7 25. Rb2 Rde7 26. Bb4 Rd7 27. Be1 Nd6
28. Bd2 Rde7 29. Re1 Ne4 30. Bb4 Rd7 31. g3 Qh5 32. Nd2 f5 33. Nc4 Nxb4 34. Rxb4
c5 35. Nb6 Rd6 36. Rc4 Qg4 37. Qe2 Qxe2 38. Rxe2 cxd4 39. exd4 g6 40. Rc7 Rxd4
41. Rxb7 Rd1+ 42. Kg2 Red8 43. Ra7 R8d2 44. Rxd2 Rxd2+ 45. Kg1 Nc5 46. Nc4 Rc2
47. Nd6 Rd2 48. Ne8 Rd7 49. Ra8 Re7 50. Nc7+ Kg7 51. Nxa6 Nxa6 52. Rxa6 Kf7 53.
Kf2 Rc7 54. Ke3 Ke7 55. Kd4 Kd7 56. Ke5 Kc8 57. Kf6 Kb7 58. Re6 Kc8 59. Re7 Rc6+
60. Kg5 h5 61. Rg7 Ra6 62. Rxg6 Rxa5 63. Kxh5 Kd8 64. Rg7 Ke8 65. Kg5 Kf8 66.
Rg6 Ra2 67. h4 Ra3 68. Kxf5 Kf7 69. h5 Ra5+ 70. Kg4 Rd5 71. f5 Rd4+ 72. Kg5 Rd5
73. h6 Rd1 74. g4 Rh1 75. Rg7+ Kf8 76. Kg6 Rh3 77. h7 {Black resigns} 1-0

[Event "Team 45 45 League T77"]
[Site "Internet Chess Club"]
[Date "2018.07.02"]
[Round "2"]
[White "Portola"]
[Black "MarcB"]
[Result "1/2-1/2"]
[WhiteElo "1708"]
[BlackElo "1679"]
[Opening "Queen's pawn game"]
[ECO "D00"]
[Time "19:00:36"]
[TimeControl "2700+45"]

1. d4 d5 2. c3 Nf6 3. Nf3 c6 4. Bg5 Nbd7 5. Nbd2 h6 6. Bh4 e6 7. e3 Bd6 8. Bd3
O-O 9. e4 e5 10. dxe5 Nxe5 11. Nxe5 Bxe5 12. O-O g5 13. Bg3 Bxg3 14. hxg3 dxe4
15. Nxe4 Nxe4 16. Bxe4 Qf6 17. Qf3 Kg7 18. Qxf6+ Kxf6 19. Rad1 Be6 20. b3 Rad8
21. c4 Ke7 22. Bc2 Rxd1 23. Rxd1 a5 24. a4 Rb8 25. f4 Rd8 26. Rxd8 Kxd8 27. f5
Bd7 28. g4 f6 29. Kf2 b5 30. Ke3 bxa4 31. bxa4 c5 32. g3 Bc6 33. Bd1 Kd7 34. Bc2
Kd6 35. Bd1 Ke5 36. Bc2 Bg2 37. Bd3 Bh3 38. Be2 Bg2 39. Bd3 Bc6 40. Bc2 Bg2 41.
Bd3 Bc6 42. Bc2 {Game drawn by repetition} 1/2-1/2

[Event "Team 45 45 League T77"]
[Site "Internet Chess Club"]
[Date "2018.06.29"]
[Round "2"]
[White "nealbruce"]
[Black "QuieroAprender"]
[Result "0-1"]
[WhiteElo "1666"]
[BlackElo "1587"]
[Opening "Ruy Lopez: Classical defense deferred"]
[ECO "C70"]
[Time "21:12:36"]
[TimeControl "2700+45"]

1. e4 e5 2. Nf3 Nc6 3. Bb5 a6 4. Ba4 Bc5 5. c3 b5 6. Bb3 Nf6 7. Nxe5 Bxf2+ 8.
Kxf2 Nxe5 9. d3 Nfg4+ 10. Kg1 Qf6 11. Qe2 Nxd3 12. Nd2 Qb6+ 13. Kf1 Ne3+ 14. Kg1
Nxg2+ 15. Kxg2 Nf4+ 16. Kf3 Nxe2 17. Kxe2 Qg6 18. Bc2 Qg2+ {White resigns} 0-1

[Event "Team 45 45 League T77"]
[Site "Internet Chess Club"]
[Date "2018.07.01"]
[Round "2"]
[White "fledermaus"]
[Black "PolishRyszard"]
[Result "0-1"]
[WhiteElo "1798"]
[BlackElo "1826"]
[Opening "Beefeater defense"]
[ECO "A40"]
[Time "10:03:04"]
[TimeControl "2700+45"]

1. d4 g6 2. c4 Bg7 3. Nc3 c5 4. d5 Bxc3+ 5. bxc3 f5 6. e4 fxe4 7. Be3 d6 8. g4
Nf6 9. h3 O-O 10. Bg2 Nbd7 11. g5 Nh5 12. Bxe4 Ne5 13. Qe2 Qa5 14. Rc1 b5 15.
cxb5 Bd7 16. a4 Qxa4 17. c4 Bxb5 18. Bd3 Qa3 19. Rd1 Ba4 20. Rb1 Nxd3+ {White
resigns} 0-1

[Event "Team 45 45 League T77"]
[Site "Internet Chess Club"]
[Date "2018.06.28"]
[Round "2"]
[White "disinformator"]
[Black "jonesey"]
[Result "0-1"]
[WhiteElo "1752"]
[BlackElo "1859"]
[Opening "KGD: classical variation"]
[ECO "C30"]
[Time "15:01:32"]
[TimeControl "2700+45"]

1. f4 e5 2. e4 Bc5 3. Nf3 d6 4. Nc3 Nf6 5. Bc4 O-O 6. d3 a6 7. Ne2 Nc6 8. c3 Bg4
9. Ng3 d5 10. exd5 Nxd5 11. h3 exf4 12. hxg4 fxg3 13. d4 Re8+ 14. Kf1 Be7 15.
Qd3 g6 16. Qe4 Nf6 17. Qf4 Na5 18. Bxf7+ Kxf7 19. g5 Kg8 20. gxf6 Bxf6 21. Qxg3
Qe7 22. Bg5 Qe2+ 23. Kg1 Bxg5 24. Nxg5 Re7 25. Rf1 Nc4 26. Nxh7 Qe3+ 27. Qxe3
Nxe3 28. Nf6+ Kf7 29. Rf3 Nf5 30. Ng4 Re1+ 31. Kh2 Rh8+ 32. Rh3 Rxh3+ 33. Kxh3
Rxh1+ {White resigns} 0-1

[Event "Team 45 45 League T77"]
[Site "Internet Chess Club"]
[Date "2018.07.01"]
[Round "2"]
[White "LookImYourVader"]
[Black "walkover"]
[Result "1-0"]
[WhiteElo "1827"]
[BlackElo "1722"]
[Opening "Sicilian: Alapin's variation (2.c3)"]
[ECO "B22"]
[Time "15:00:53"]
[TimeControl "2700+45"]

1. e4 c5 2. c3 e5 3. Nf3 Nc6 4. Bc4 Qc7 5. Ng5 Nd8 6. Qb3 Ne6 7. Nxe6 dxe6 8.
O-O Nf6 9. Bb5+ Bd7 10. d3 a6 11. Bxd7+ Nxd7 12. a4 Be7 13. Na3 O-O 14. f4 exf4
15. Bxf4 e5 16. Bg3 Rab8 17. Rf3 Qd6 18. Raf1 Qe6 19. Qxe6 fxe6 20. Rxf8+ Rxf8
21. Nc4 Rxf1+ 22. Kxf1 Bf6 23. a5 h5 24. h3 Kf8 25. Nd6 b5 26. axb6 Nxb6 27. Nc4
Nxc4 28. dxc4 a5 29. Ke2 Ke7 30. Kd3 Kd6 31. Kc2 a4 32. Kb1 Kc6 33. Ka2 Kb6 34.
Ka3 Ka5 35. Bh2 h4 36. Bg1 Be7 37. Bf2 g6 38. Be3 g5 39. Bd2 Bf6 40. Be1 Bg7 41.
Bf2 Bf8 42. g3 Be7 43. gxh4 gxh4 44. Be3 Bf8 45. Bg5 Bg7 46. Bxh4 Bh6 47. Be7
Be3 48. h4 Bf2 49. Bg5 Bg3 50. Be7 Bf2 51. h5 Be3 52. Bf8 Bg5 53. h6 Bf6 54. Bg7
{Black resigns} 1-0

[Event "Team 45 45 League T77"]
[Site "Internet Chess Club"]
[Date "2018.07.02"]
[Round "2"]
[White "ascoli"]
[Black "elmaestro"]
[Result "1-0"]
[WhiteElo "1770"]
[BlackElo "1670"]
[Opening "English opening"]
[ECO "A10"]
[Time "12:12:44"]
[TimeControl "2700+45"]

1. c4 d5 2. cxd5 Qxd5 3. Nc3 Qa5 4. d4 c6 5. e4 Nf6 6. Bd2 Qd8 7. Nf3 Bg4 8. Be3
e6 9. h3 Bh5 10. Bd3 Nbd7 11. O-O Be7 12. Rc1 O-O 13. e5 Nd5 14. Nxd5 cxd5 15.
Bxh7+ Kxh7 16. Ng5+ Bxg5 17. Qxh5+ Bh6 18. g4 f6 19. h4 Qe8 20. Qxe8 Raxe8 21.
g5 fxg5 22. hxg5 Nxe5 23. dxe5 d4 24. Bd2 Rf5 25. gxh6 Rxe5 26. f4 Rf5 27. hxg7
Kxg7 28. Rc7+ Kf6 29. Rf2 Rb5 30. b3 Kf5 31. Kf1 Ke4 32. Ke2 a5 33. Rc4 Rd5 34.
a4 b6 35. Rg2 b5 36. axb5 Rxb5 37. Rg3 Rh8 38. Rxd4+ Kxd4 39. Bc3+ {Black
resigns} 1-0

[Event "Team 45 45 League T77"]
[Site "Internet Chess Club"]
[Date "2018.06.30"]
[Round "2"]
[White "Electryon"]
[Black "rubo"]
[Result "0-1"]
[WhiteElo "1490"]
[BlackElo "1600"]
[Opening "Queen's pawn: London system"]
[ECO "A45"]
[Time "22:27:32"]
[TimeControl "2700+45"]

1. d4 Nf6 2. Bf4 g6 3. Nc3 d6 4. e4 Bg7 5. Qd2 O-O 6. O-O-O b6 7. Bh6 Bb7 8. f3
c5 9. Bxg7 Kxg7 10. dxc5 bxc5 11. e5 Ne8 12. h4 h6 13. g4 Nc6 14. exd6 exd6 15.
Ne4 Nd4 16. Qc3 Bxe4 17. fxe4 Qf6 18. Qe3 Ne6 19. Nf3 Qf4 20. Qxf4 Nxf4 21. Bc4
Rd8 22. Bd5 Nxd5 23. exd5 Nf6 24. g5 Ng4 25. gxh6+ Kxh6 26. Rde1 Rde8 27. Ng5
Rxe1+ 28. Rxe1 Ne5 29. Rf1 Kg7 30. Ne4 Nc4 31. Rf6 Re8 32. Rf4 f5 33. Nc3 Re1+
34. Nd1 Ne3 35. b3 Rxd1+ 36. Kb2 Rxd5 37. Ra4 Rd2 38. Rxa7+ Kh6 39. Kc3 Rd4 40.
a4 Nd1# {White checkmated} 0-1

[Event "Team 45 45 League T77"]
[Site "Internet Chess Club"]
[Date "2018.07.01"]
[Round "2"]
[White "nosir"]
[Black "kutch"]
[Result "0-1"]
[WhiteElo "1404"]
[BlackElo "1539"]
[Opening "Queen's pawn: London system"]
[ECO "A45"]
[Time "10:01:43"]
[TimeControl "2700+45"]

1. d4 Nf6 2. Bf4 e6 3. e3 b6 4. Nf3 Bb7 5. Bd3 h6 6. Nbd2 Be7 7. h3 d5 8. c3
Nbd7 9. Ne5 O-O 10. Ndf3 Ne4 11. Qc2 c5 12. Nxd7 Qxd7 13. Ne5 Qe8 14. f3 Bh4+
15. g3 Nxg3 16. Bxg3 Bxg3+ 17. Ke2 f5 18. c4 cxd4 19. exd4 dxc4 20. Qxc4 Rc8 21.
Qb4 Bxe5 22. dxe5 Qc6 23. Qf4 Qd5 24. b3 Rc5 25. Bc4 Qxe5+ 26. Qxe5 Rxe5+ 27.
Kf2 Bd5 28. Rhc1 f4 29. Rc3 g5 30. Rac1 Rd8 31. Rd1 Kf8 32. Bb5 Ra8 33. Ba6 Rf5
34. Rc7 Rf7 35. Rc3 Rd7 36. Bc4 Rc8 37. Rcd3 Rcd8 38. Bb5 Rd6 39. Rd4 Ke7 40. h4
Ba8 41. Rxd6 Rxd6 42. Rh1 Rd2+ 43. Be2 Rxa2 44. hxg5 hxg5 45. Rc1 Bd5 46. b4 Kf6
47. b5 e5 48. Rc3 e4 49. fxe4 Bxe4 50. Ke1 Ke5 51. Rc8 Ra1+ 52. Kf2 Ra2 53. Ke1
f3 54. Re8+ Kf4 55. Rf8+ Kg3 56. Bc4 f2+ 57. Kd1 Bf3+ 58. Kc1 Ra1+ 59. Kd2 f1=Q
60. Bxf1 Rxf1 61. Ke3 g4 62. Rf7 Ra1 63. Rf5 Ra3+ 64. Kd4 Kf2 {White resigns}
0-1

[Event "Team 45 45 League T77"]
[Site "Internet Chess Club"]
[Date "2018.07.01"]
[Round "2"]
[White "sdcohle"]
[Black "g8wrb"]
[Result "1/2-1/2"]
[WhiteElo "1375"]
[BlackElo "1355"]
[Opening "Queen's pawn"]
[ECO "A40"]
[Time "11:02:57"]
[TimeControl "2700+45"]

1. d4 e6 2. e3 Nf6 3. Bd3 Bb4+ 4. c3 Be7 5. f4 d5 6. Nf3 c5 7. Nbd2 Nc6 8. O-O
O-O 9. Ne5 Qb6 10. Ndf3 Ne4 11. Qc2 f5 12. Nxc6 bxc6 13. Ne5 Rf6 14. Rf3 Rh6 15.
Bxe4 dxe4 16. Rg3 cxd4 17. exd4 Ba6 18. Be3 c5 19. Nd7 Qc7 20. Nxc5 Bxc5 21.
dxc5 Bd3 22. Qd2 Rd8 23. Bd4 g6 24. b4 Rh4 25. Qe3 Rxf4 26. Bf6 Rd7 27. Bg5 Rg4
28. Rxg4 fxg4 29. Rd1 Qe5 30. c4 Qc3 31. Qf4 Qxc4 32. Qb8+ Kg7 33. Qe5+ Kg8 34.
Rd2 Qd4+ 35. Qxd4 Rxd4 36. Kf2 Rxb4 37. Be3 Rc4 38. Rb2 Rc2+ 39. Rxc2 Bxc2 40.
Ke2 Ba4 41. Kd2 Kf7 42. Kc3 e5 43. Kb4 Bc6 44. Ka5 Ke6 45. Ka6 Kd5 46. Kxa7 Kc4
47. Kb6 Kd5 48. a3 h5 49. g3 Ba4 50. Ka5 Bc6 51. Kb4 Ke6 52. a4 Kd7 53. a5 Kc7
54. a6 Kd7 55. Ka5 Kc7 56. Bg5 Ba8 57. Bf6 e3 58. Bxe5+ Kc6 59. Bc3 Kxc5 60. a7
Kc6 61. Ka6 Kc7 62. Bd4 e2 63. Bc3 g5 64. Be1 Kc6 65. Bf2 Bb7+ 66. Ka5 Kc7 67.
Be1 Kc8 68. Kb6 Bf3 69. Bf2 Bb7 70. Be1 Be4 71. Bf2 Bb7 72. Be1 {Game drawn by
repetition} 1/2-1/2

[Event "Team 45 45 League T77"]
[Site "Internet Chess Club"]
[Date "2018.07.02"]
[Round "2"]
[White "smsxman"]
[Black "Aquaman"]
[Result "0-1"]
[WhiteElo "1278"]
[BlackElo "1247"]
[Opening "Sicilian: accelerated fianchetto, modern variation"]
[ECO "B34"]
[Time "20:00:36"]
[TimeControl "2700+45"]

1. e4 c5 2. Nf3 Nc6 3. Nc3 g6 4. d4 cxd4 5. Nxd4 Bg7 6. Nf3 d6 7. Bb5 Bd7 8. Bd3
Nf6 9. O-O O-O 10. Re1 Bg4 11. Be2 Ne5 12. Nxe5 Bxe2 13. Rxe2 dxe5 14. Qxd8
Raxd8 15. Be3 a6 16. Ree1 Rc8 17. Rac1 b5 18. Bg5 h6 19. Bxf6 Bxf6 20. Nd5 Bg5
21. Ne3 e6 22. c3 f5 23. f3 f4 24. Ng4 Ra8 25. Nxe5 Kg7 26. Rcd1 Bh4 27. Rf1 Bf6
28. Rd7+ Kg8 29. Nxg6 Rf7 30. Rxf7 Kxf7 31. Nxf4 e5 32. Nd5 Bg7 33. g4 Ra7 34.
Kg2 Ke6 35. Ne3 Bf8 36. b4 a5 37. Nd5 axb4 38. Ra1 b3 39. Nb4 Bxb4 40. cxb4
Rxa2+ {White resigns} 0-1

[Event "Team 45 45 League T77"]
[Site "Internet Chess Club"]
[Date "2018.06.29"]
[Round "2"]
[White "Gojira"]
[Black "MathBandit"]
[Result "1-0"]
[WhiteElo "1632"]
[BlackElo "1523"]
[Opening "Queen's pawn, Mason variation"]
[ECO "D00"]
[Time "18:02:08"]
[TimeControl "2700+45"]

1. d4 d5 2. Bf4 Nf6 3. e3 e6 4. Nd2 Bd6 5. Bg3 O-O 6. Bd3 c5 7. c3 Nc6 8. Ngf3
Re8 9. Ne5 Qc7 10. f4 Nd7 11. Ndf3 f6 12. Bxh7+ Kxh7 13. Ng5+ fxg5 14. Qh5+ Kg8
15. Qf7+ Kh7 16. Qh5+ Kg8 17. Qxe8+ Kh7 18. Qg6+ Kg8 19. Qxe6+ Kh7 20. Nf7 Nf6
21. Qxd6 Qxf7 22. Qxc5 Ne4 23. Qb5 gxf4 24. Bxf4 g5 25. Bg3 Bd7 26. Rf1 Qe6 27.
Qd3 Kh6 28. O-O-O Rc8 29. Rf3 Nb4 30. Qf1 Nxa2+ 31. Kb1 Naxc3+ 32. bxc3 Nxc3+
33. Ka1 Ne4 34. Be5 Qb6 35. Rf6+ Nxf6 36. Qxf6+ Qxf6 37. Bxf6 Rc2 38. Rf1 Rxg2
39. Be5 Rxh2 40. Bxh2 {Black resigns} 1-0

[Event "Team 45 45 League T77"]
[Site "Internet Chess Club"]
[Date "2018.06.29"]
[Round "2"]
[White "Chess4Him"]
[Black "bennywins"]
[Result "1-0"]
[WhiteElo "1534"]
[BlackElo "1615"]
[Opening "Queen's pawn, Mason variation"]
[ECO "D00"]
[Time "21:31:33"]
[TimeControl "2700+45"]

1. d4 d5 2. Bf4 Bf5 3. e3 Nf6 4. Bd3 Bxd3 5. Qxd3 e6 6. c3 c5 7. Nf3 Qb6 8. Qc2
Nc6 9. Nbd2 Rc8 10. Qb3 Qa6 11. a4 Nh5 12. Bg3 Nxg3 13. hxg3 Rb8 14. Qb5 c4 15.
O-O Qa5 16. e4 a6 17. Qxa5 Nxa5 18. exd5 exd5 19. Rfe1+ Be7 20. Re5 Rd8 21. Rae1
Nc6 22. R5e3 f6 23. Nh4 Kf7 24. Nf5 Rhe8 25. Kf1 g6 26. Nh4 b5 27. axb5 axb5 28.
f4 b4 29. Kf2 Bd6 30. Nf1 bxc3 31. bxc3 Na5 32. Nf3 Be7 33. Ra1 Ra8 34. Ree1 Nb3
35. Rxa8 Rxa8 36. Ne3 Ra2+ 37. Re2 Rxe2+ 38. Kxe2 Ke6 39. g4 Kd6 40. Ne1 Na5 41.
N1c2 Kc6 42. g3 Nb7 43. Nd1 h6 44. Nf2 Nd8 45. Ne1 Kb5 46. Nd1 Ka4 47. Ne3 Kb3
48. Nxd5 Nc6 49. Kd2 g5 50. Ng2 Kb2 51. Nge3 Kb3 52. Nf5 Bd8 53. Nxh6 gxf4 54.
gxf4 Ba5 55. Nf5 Kb2 56. g5 fxg5 57. fxg5 Nd8 58. g6 Ne6 59. g7 Nxg7 60. Nxg7
Bd8 61. Ne6 Bh4 62. Ne3 Bf2 63. Nxc4+ {Black resigns} 1-0

[Event "Team 45 45 League T77"]
[Site "Internet Chess Club"]
[Date "2018.07.01"]
[Round "2"]
[White "Scorpius"]
[Black "BrerRabbit"]
[Result "1/2-1/2"]
[WhiteElo "1332"]
[BlackElo "1373"]
[Opening "Philidor: Improved Hanham variation"]
[ECO "B07"]
[Time "19:02:15"]
[TimeControl "2700+45"]

1. e4 d6 2. d4 Nf6 3. Nc3 e5 4. Nf3 Nbd7 5. Bc4 Be7 6. Be3 O-O 7. Qd2 Ng4 8.
O-O-O Nxe3 9. fxe3 Nf6 10. dxe5 Nd7 11. e6 fxe6 12. Bxe6+ Kh8 13. Qe2 Nb6 14.
Bb3 Bg4 15. h3 Bh5 16. g4 Bg6 17. h4 Bf7 18. Ng5 Bxg5 19. hxg5 Bxb3 20. axb3
Qxg5 21. Rh5 Qe7 22. Rdh1 g6 23. Rh6 Rf7 24. Qd3 Kg8 25. Nd5 Nxd5 26. Qxd5 Kh8
27. Rxg6 Raf8 28. Re6 Rf1+ 29. Kd2 Qxe6 30. Qxe6 Rxh1 31. Qe7 Rf2+ 32. Kc3 Rc1
33. Qd8+ Kg7 34. Qxc7+ Kg6 35. Qxd6+ Kg5 36. Qe7+ Kxg4 37. Qxh7 Rcxc2+ 38. Kd4
Rfd2+ 39. Ke5 Rc5+ 40. Ke6 Rc6+ 41. Ke5 Rc5+ 42. Ke6 {Game drawn by mutual
agreement} 1/2-1/2

[Event "Team 45 45 League T77"]
[Site "Internet Chess Club"]
[Date "2018.07.03"]
[Round "2"]
[White "PsyMar"]
[Black "stantheman59"]
[Result "1-0"]
[WhiteElo "1271"]
[BlackElo "1219"]
[Opening "Scotch game"]
[ECO "C45"]
[Time "10:01:15"]
[TimeControl "2700+45"]

1. e4 e5 2. Nf3 Nc6 3. d4 exd4 4. Nxd4 Bd6 5. Nxc6 dxc6 6. Bc4 Qe7 7. O-O Bd7 8.
Re1 O-O-O 9. Qd4 Bc5 10. Qxg7 Qf6 11. Qxf6 Nxf6 12. Bxf7 Rdf8 13. Bc4 Ng4 14.
Be3 Bxe3 15. fxe3 Nf2 16. Nd2 b5 17. Bd3 h5 18. Rf1 Nxd3 19. cxd3 Rfg8 20. Rf2
h4 21. Nb3 Rg5 22. Rc1 Kb7 23. Nc5+ Kc8 24. Nxd7 Kxd7 25. Rf7+ Kd6 26. Rf6+ Kd7
27. Rfxc6 Rc8 28. R6c5 Rxc5 29. Rxc5 a6 30. Rh5 c5 31. Rxh4 c4 32. dxc4 bxc4 33.
e5 Rc5 34. Re4 Ke6 35. Kf2 c3 36. bxc3 Rxc3 37. a4 a5 38. h4 Kf5 39. Kf3 Rc6 40.
e6 Rxe6 41. Rxe6 Kxe6 42. h5 Kf6 43. e4 Kg5 44. g4 {Black resigns} 1-0

[Event "Team 45 45 League T77"]
[Site "Internet Chess Club"]
[Date "2018.06.30"]
[Round "2"]
[White "fao9944"]
[Black "fireball"]
[Result "1-0"]
[WhiteElo "1688"]
[BlackElo "1565"]
[Opening "Queen's pawn"]
[ECO "A40"]
[Time "09:01:27"]
[TimeControl "2700+45"]

1. d4 e6 2. Nf3 d5 3. Bf4 c5 4. c3 Nc6 5. Nbd2 Nf6 6. e3 c4 7. Be2 Bd6 8. O-O
Qc7 9. Bxd6 Qxd6 10. e4 Nxe4 11. Nxe4 dxe4 12. Nd2 f5 13. Nxc4 Qc7 14. d5 Na5
15. Qa4+ Kf7 16. d6 Qd8 17. Qxa5 b6 18. Ne5+ Kf6 19. Qb4 Kxe5 20. Qd4+ Kf4 21.
g3+ Kg5 22. Qxg7# {Black checkmated} 1-0

[Event "Team 45 45 League T77"]
[Site "Internet Chess Club"]
[Date "2018.07.01"]
[Round "2"]
[White "Skeptic1972"]
[Black "noblitz-oblige"]
[Result "1-0"]
[WhiteElo "1556"]
[BlackElo "1530"]
[Opening "Ruy Lopez: Berlin defense, 4.O-O, d6"]
[ECO "C66"]
[Time "14:35:01"]
[TimeControl "2700+45"]

1. e4 e5 2. Nf3 Nc6 3. Bb5 Nf6 4. O-O d6 5. d3 Be7 6. h3 O-O 7. Bg5 a6 8. Ba4 b5
9. Bb3 Na5 10. Nc3 Nxb3 11. axb3 Bb7 12. Ne2 d5 13. exd5 Nxd5 14. Bxe7 Qxe7 15.
Ng3 Qf6 16. Ne4 Qe7 17. Re1 f6 18. d4 exd4 19. Nxd4 Rfd8 20. Ng5 Qd6 21. Nge6
Re8 22. Nxg7 Rxe1+ 23. Qxe1 Kxg7 24. Nf5+ {Black resigns} 1-0